 Dungeon Crawl Stone Soup version 0.28-a0-1356-g2ad6d04315 (webtiles) character file.

Game seed: 12907627650325181415

140 Shayle the Cutter (level 5, -14/45 HPs)
             Began as a Naga Warper on Dec 30, 2021.
             Demolished by an ogre (17 damage)
             ... on level 4 of the Dungeon.
             The game lasted 00:05:21 (2651 turns).

Shayle the Cutter (Naga Warper)                     Turns: 2651, Time: 00:05:22

Health: -14/45     AC:  8    Str: 13    XL:     5   Next: 22%
Magic:  10/10      EV:  3    Int: 15    God:
Gold:   90         SH:  0    Dex: 11    Spells: 11/11 levels left

rFire   . . .      SeeInvis +   c - +2 dagger (venom)
rCold   . . .      Faith    .   (no shield)
rNeg    . . .      Spirit   .   g - +3 chain mail {Will+}
rPois   +          Reflect  .   (no helmet)
rElec   .          Harm     .   (no cloak)
rCorr   .          Rampage  .   (no gloves)
Will    +....                   (no barding)
Stlth   ..........              (no amulet)
HPRegen 0.15/turn               (no ring)
MPRegen 0.12/turn               (no ring)

@: flying, very slow
A: AC +1, large, see invisible, deformed body, poison resistance, slowness 2,
spit poison 1, naga tail 1
a: Spit Poison


You were on level 4 of the Dungeon.
You visited 1 branch of the dungeon, and saw 4 of its levels.

You collected 90 gold pieces.

Inventory:

Hand Weapons
 a - a +0 short sword
 c - a +2 dagger of venom (weapon)
Armour
 b - a +0 leather armour
 g - a +3 chain mail of willpower (worn)
Scrolls
 j - a scroll of immolation
Potions
 d - a potion of curing {unknown}
 f - a potion of attraction {unknown}


   Skills:
 - Level 2.0 Fighting
 + Level 3.9 Short Blades
 - Level 0.8 Throwing
 - Level 0.7 Armour
 - Level 1.5 Dodging
 + Level 3.6 Spellcasting
 - Level 3.0 Translocations


You had 11 spell levels left.
You didn't know any spells.
Your spell library contained the following spells:

 Spells                   Type           Power      Damage    Failure   Level
 Blink                    Tloc           22%        N/A       96%         2
 Gell's Gravitas          Tloc           11%        N/A       99%         3
 Lesser Beckoning         Tloc           11%        N/A       99%         3
 Teleport Other           Tloc           11%        N/A       99%         3
 Manifold Assault         Tloc           11%        N/A       100%        5


Dungeon Overview and Level Annotations

Branches:
Dungeon (4/15)
 Temple: D:4-7

Altars:


Innate Abilities, Weirdness & Mutations

Your serpentine skin is tough. (AC +1)
You have supernaturally acute eyesight. (SInv)
Armour fits poorly on your strangely shaped body.
Your system is resistant to poisons. (rPois)
You cover ground very slowly.
You can spit poison.
You have a snake-like lower body.


Message History

You kill the orc!
The quokka bites you.
You hit the quokka but do no damage.
The quokka is moderately wounded.
The quokka bites you.
You completely miss the quokka.
The quokka is moderately wounded.
The quokka barely misses you.
You hit the quokka.
You kill the quokka!
You start resting.
A hobgoblin comes into view.
A kobold comes into view. It is wielding a +0 dagger.
The hobgoblin shouts!
The kobold shouts!
You hear a shout!
The kobold throws a stone.
The stone hits you but does no damage.
An ogre comes into view. It is wielding a +0 giant club.
Found a stone staircase leading down.
The kobold throws a stone.
The stone barely misses you.
The kobold throws a stone.
The stone hits you but does no damage.
Okay, then.
The kobold throws a stone.
The stone barely misses you.
The kobold throws a stone.
The stone hits you. The hobgoblin hits you.
You barely miss the hobgoblin.
The ogre hits you with a +0 giant club!!
* * * LOW HITPOINT WARNING * * *
The hobgoblin barely misses you.
As you read the scroll labelled DUNTERGH ATYIH, it crumbles to dust.
It is a scroll of identify.
j - a scroll of immolation The ogre hits you with a +0 giant club!
* * * LOW HITPOINT WARNING * * *
As you read the scroll labelled WOIG UTEKLY, it crumbles to dust.
The scroll dissolves into smoke.
It was a scroll of fog.
The ogre barely misses you.
Okay, then.
It was a potion of flight.
You feel very buoyant.
You fly up into the air.
The ogre hits you with a +0 giant club!
You die...

........)##..# #
#<..#..#.###
##.###..#..#....
................#
.##.###.....$....
..>....K.......
#.###.#.#####.#
#####§###§#.#####.
.....§§@Og.........
.####§###K#.#####..
# #.#.# #....
###... #####


You could see an ogre, a hobgoblin and a kobold.

Vanquished Creatures
  Terence (D:2)
  5 adders
  A dart slug (D:3)
  An orc (D:4)
  7 ball pythons
  2 endoplasms
  14 giant cockroaches (D:2)
  10 goblins
  7 hobgoblins
  2 jackals (D:1)
  3 quokkas
  A bat (D:1)
  2 frilled lizards (D:1)
  A kobold (D:1)
  2 rats (D:1)
59 creatures vanquished.

Vanquished Creatures (others)
  11 plants (D:2)
11 creatures vanquished.

Grand Total: 70 creatures vanquished

Notes
Turn   | Place    | Note
-------+----------+-------------------------------------------
     0 | D:1      | Shayle the Naga Warper began the quest for the Orb.
     0 | D:1      | Reached XP level 1. HP: 19/19 MP: 3/3
    48 | D:1      | Found a faded altar of an unknown god.
   302 | D:1      | Reached XP level 2. HP: 26/26 MP: 5/5
   971 | D:1      | Reached XP level 3. HP: 22/32 MP: 6/6
  1235 | D:2      | Noticed Terence
  1248 | D:2      | Killed Terence
  1588 | D:2      | Reached XP level 4. HP: 37/39 MP: 8/8
  2172 | D:2      | Reached XP level 5. HP: 45/45 MP: 10/10
  2639 | D:4      | Noticed an ogre
  2649 | D:4      | HP: 2/45 [ogre (11)]
  2651 | D:4      | Demolished by an ogre

Illustrated notes

Levels and vault maps discovered:
D:1:      dpeg_arrival_more_subterranean_lakeside_camping, layout_basic,
          ebering_ecumenical_altar_sacrificial,
          nicolae_concentric_dashed_squares_mild
D:2:      minmay_roachtagon, layout_basic, serial_bayou_lagoon_b, uniq_terence
D:3:      layout_loops_ring
D:4:      layout_basic, nicolae_overflows_in_rows,
          minmay_temple_entry_sparse_star

Skill      XL: |  1  2  3 |
---------------+----------+-----
Short Blades   | 3 |  3.9
Spellcasting   | 3 |  3.6
Fighting       | |  2.0
Throwing       | |  0.8
Armour         | |  0.7
Dodging        | |  1.5
Translocations | |  3.0

Action                   |  1- 3 |  4- 6 || total
-------------------------+-------+-------++-------
Melee: Short sword       |    24 |       ||    24
       Dagger            |    40 |    99 ||   139
Throw: Boomerang         |     5 |       ||     5
 Abil: Spit Poison       |    18 |     2 ||    20
  Use: Scroll            |     1 |     2 ||     3
       Potion            |       |     1 ||     1
Armor: Leather armour    |     6 |       ||     6
       Chain mail        |     8 |    70 ||    78
Dodge: Dodged            |    29 |    20 ||    49

Table legend: (Time is in decaauts)
 A = Elapsed time spent in this place.
 B = Non-inter-level travel time spent in this place.
 C = Inter-level travel time spent in this place.
 D = Time resting spent in this place.
 E = Time spent auto-exploring this place.
 F = Levels seen in this place.
 G = Mean time per level.
                   A        B        C        D        E       F      G
               +--------+--------+--------+--------+--------+-----+--------+
         Total |   3118 |   3059 |     59 |    132 |   2357 |   4 |  779.5 |
       Dungeon |   3118 |   3059 |     59 |    132 |   2357 |   4 |  779.5 |
               +--------+--------+--------+--------+--------+-----+--------+

Top non-repeatable levels by time:
     D:2: 1542 daAuts
     D:1: 1412 daAuts
     D:4: 92 daAuts
     D:3: 71 daAuts
